 Dungeon Crawl Stone Soup version 0.31-a0-369-g8eba5f6939 (webtiles) character file.

Game seed: 2298514661545153923

26 shadowstone the Scratcher (level 2, -1/12 HPs)
             Began as a Felid Shapeshifter on June 10, 2023.
             Slain by an orc
             ... wielding a +0 trident
              (3 damage)
             ... on level 5 of the Dungeon on July 28, 2023.
             The game lasted 00:03:12 (667 turns).

shadowstone the Scratcher (Felid Shapeshifter)       Turns: 667, Time: 00:03:12

Health: -1/12      AC:  1    Str:  6    XL:     2   Next: 89%
Magic:  6/6        EV: 18    Int: 14    God:
Gold:   29         SH:  0    Dex: 16    Spells: 5/5 levels left
                                        Lives:  0   Deaths: 0

rFire   . .          .
                       - Unarmed
rCold   . . .        (shield unavailable)
rNeg    . . .        (body armour unavailable)
rPois   .            (helmet unavailable)
rElec   .            (cloak unavailable)
rCorr   .            (gloves unavailable)
SInv    +            (boots unavailable)
Will    .....        (no amulet)
Stlth   +            (no ring)
HPRegen 0.22/turn    (no ring)
MPRegen 0.10/turn

%: no passive effects
@: confused, quick
A: very small, claws 1, fangs 3, see invisible, speed 1, shaggy fur 1, stealthy
paws, no weapons or thrown items, no armour, multi-lived
a: no special abilities


You were on level 5 of the Dungeon.
You visited 1 branch of the dungeon, and saw 5 of its levels.

You collected 29 gold pieces.

Inventory:

Jewellery
 d - a ring of protection from cold
Wands
 c - a wand of flame (27)
Scrolls
 b - a scroll of identify {unknown}
Potions
 a - a potion of lignification


   Skills:
 + Level 1.0 Fighting
 + Level 3.3 Dodging
 + Level 0.4 Stealth
 + Level 3.6 Unarmed Combat
 + Level 2.0 Spellcasting
 + Level 2.3 Transmutations
 + Level 1.7 Shapeshifting


You had 5 spell levels left.
You didn't know any spells.
Your spell library contained the following spells:

 Spells                   Type           Power      Damage    Failure   Level
 Wereblood                Tmut           7%         N/A       14%         2


Dungeon Overview and Level Annotations

Branches:
Dungeon (5/15)
 Temple: D:4-7

Altars:


Innate Abilities, Weirdness & Mutations

You have sharp claws.
You have razor-sharp teeth.
You have supernaturally acute eyesight. (SInv)
You cover ground quickly. (Speed+)
You are covered in fur. (AC +1)
Your paws help you pounce on unaware monsters.
You are incapable of wielding weapons or throwing items.
You cannot wear armour.
You gain extra lives every three experience levels.


Message History

You scratch the rat.
You kill the rat!
There is an escape hatch in the floor, spattered with blood here.
You slide downwards.
The hatch slams shut behind you.
Found a garnet ring.
Found an escape hatch in the floor.
Found a blue potion.
d - a ring of protection from cold
There is an escape hatch in the floor here.
Found 14 gold pieces.
There is an escape hatch in the floor here.
You slide downwards.
The hatch slams shut behind you.
You hear the sound of rushing water.
There is an entrance to a sewer on this level.
Hurry and find it before the portal rusts away!
The orc shouts!
The orc wizard shouts!
The orc shouts! x2
You closely miss the orc. The orc barely misses you. The orc misses you.
The orc closely misses you.
You scratch the orc but do no damage. Your bite misses the orc.
The orc hits you with a +0 dagger. The orc misses you.
The orc wizard casts a spell at you. You resist with some effort.
The orc closely misses you.
You scratch the orc but do no damage. The orc barely misses you.
The orc misses you. x2
You barely miss the orc. The orc hits you with a +0 dagger.
The orc barely misses you.
The orc wizard hits you with a +0 dagger.
The orc closely misses you.
You scratch the orc.
The orc is lightly wounded.
The orc completely misses you. The orc closely misses you.
The orc wizard hits you with a +0 dagger.
The orc closely misses you.
You closely miss the orc.
The orc is lightly wounded.
The orc hits you with a +0 club.
* * * LOW HITPOINT WARNING * * *
The orc closely misses you.
The orc wizard points at you and mumbles some strange words.
You are confused.
The orc hits you with a +0 trident.
You die...

# ######
#.####.....##
##.#.........#
#.............
#....o.......
#..o@.......#
#...oo.......
#........####
#..#.######
+.#.. .....#
####.. #..


You could see an orc wizard and 3 orcs.

Vanquished Creatures
  An adder (D:3)
  A dart slug (D:1)
  An orc (D:3)
  A bat (D:1)
  An endoplasm (D:3)
  A hobgoblin (D:3)
  A ball python (D:1)
  2 frilled lizards
  2 kobolds
  6 rats
17 creatures vanquished.

Notes
Turn   | Place    | Note
-------+----------+-------------------------------------------
     0 | D:1      | shadowstone the Felid Transmuter began the quest for the
                  | Orb.
     0 | D:1      | Reached XP level 1. HP: 9/9 MP: 4/4
     0 | D:1      | Reduced skill Shapeshifting to level 1
     0 | D:1      | Upgraded the game from 0.31-a0-152-g6aa68a64a1 to
                  | 0.31-a0-369-g8eba5f6939
   323 | D:1      | Reached XP level 2. HP: 6/12 MP: 6/6
   599 | D:3      | Found a faded altar of an unknown god.
   660 | D:5      | Entered Level 5 of the Dungeon
   667 | D:5      | Slain by an orc

Illustrated notes

Levels and vault maps discovered:
D:1:      dpeg_arrival_arbitrary_a, layout_basic, minmay_misc_feat_doors
D:2:      minmay_wonky_spiral, layout_basic, uniq_terence
D:3:      layout_rooms, mainiacjoe_overflow_big_doors,
          dreamdust_ecumenical_altar_grove
D:4:      layout_basic, uniq_natasha
D:5:      layout_cave_pods, gup_sewer_entry_bowl, uniq_grinder, uniq_pikel

Skill      XL: |  1 |
---------------+----+-----
Shapeshifting  | 1 |  1.7
Dodging        | 3 |  3.3
Fighting       | |  1.0
Stealth        | |  0.4
Unarmed Combat | |  3.6
Spellcasting   | |  2.0
Transmutations | |  2.3

Action                     || total
---------------------------++-------
  Melee: Unarmed           ||    44
         Bite              ||     3
         Punch             ||     2
   Stab: Sleeping          ||     1
 Armour: Skin              ||     5
  Dodge: Dodged            ||    73

Table legend: (Time is in decaauts)
 A = Elapsed time spent in this place.
 B = Non-inter-level travel time spent in this place.
 C = Inter-level travel time spent in this place.
 D = Time resting spent in this place.
 E = Time spent auto-exploring this place.
 F = Levels seen in this place.
 G = Mean time per level.
                   A        B        C        D        E       F      G
               +--------+--------+--------+--------+--------+-----+--------+
         Total |    562 |    562 |      0 |    100 |      7 |   5 |  112.4 |
       Dungeon |    562 |    562 |      0 |    100 |      7 |   5 |  112.4 |
               +--------+--------+--------+--------+--------+-----+--------+

Top non-repeatable levels by time:
     D:1: 302 daAuts
     D:3: 183 daAuts
     D:2: 62 daAuts
     D:4: 8 daAuts
     D:5: 6 daAuts
